 Dungeon Crawl Stone Soup version 0.21.1-1-g345015f (webtiles) character file.

75 tidbits the Grave Robber (level 4, 0/32 HPs)
             Began as a Gnoll Necromancer on June 21, 2018.
             Slain by an orc priest
             ... wielding a +0 hand axe
              (5 damage)
             ... on level 3 of the Dungeon.
             The game lasted 00:04:27 (469 turns).

tidbits the Grave Robber (Gnoll Necromancer)         Turns: 469, Time: 00:04:28

Health: 0/32       AC:  2    Str:  9 (11) XL:     4   Next: 31%
Magic:  0/11       EV: 14    Int: 21 (23) God:
Gold:   5          SH:  0    Dex: 14 (15) Spells: 8/13 levels left

rFire    . . .     SeeInvis .   n - +2 dagger (holy)
rCold    . . .     Gourm    .   (no shield)
rNeg     . . .     Faith    .   f - +0 robe
rPois    .         Spirit   .   (no helmet)
rElec    .         Reflect  .   (no cloak)
rCorr    .         Harm     .   (no gloves)
MR       .....                  (no boots)
Stlth    +++.......             (no amulet)
HPRegen  0.10/turn              (no ring)
MPRegen  0.12/turn              (no ring)

@: brilliant
A: distributed training, fangs 1, strong nose
a: no special abilities


You were on level 3 of the Dungeon.
You were not hungry.

You visited 1 branch of the dungeon, and saw 3 of its levels.

You collected 5 gold pieces.

Inventory:

Hand Weapons
 a - a +0 short sword
 n - a +2 dagger of holy wrath (weapon)
   (You took it off a goblin on level 2 of the Dungeon)
Missiles
 h - 35 arrows
 i - 5 curare-tipped needles
Armour
 f - a +0 robe (worn)
 o - a +0 ring mail
Jewellery
 g - an uncursed ring of ice
   (You found it on level 2 of the Dungeon)
Scrolls
 e - a scroll of amnesia
 m - a scroll of enchant weapon {unknown}
Potions
 d - 3 potions of degeneration
 j - a potion of agility
 l - a potion of magic {unknown}
Books
 b - a book of Necromancy

   Spells                             Type                      Level
   a - Pain                           Necromancy                   1
   b - Animate Skeleton               Necromancy                   1
   c - Vampiric Draining              Necromancy                   3
   d - Regeneration                   Charms/Necromancy            3
   e - Animate Dead                   Necromancy                   4
   f - Borgnjor's Vile Clutch         Necromancy/Earth             5
Comestibles
 c - 3 rations


   Skills:
 + Level 1.1 Fighting
 + Level 1.1 Short Blades
 + Level 1.1 Long Blades
 + Level 1.1 Axes
 + Level 1.1 Maces & Flails
 + Level 1.1 Polearms
 + Level 1.1 Staves
 + Level 1.1 Slings
 + Level 1.1 Bows
 + Level 1.1 Crossbows
 + Level 1.1 Throwing
 + Level 1.1 Armour
 + Level 4.6 Dodging
 + Level 4.2 Stealth
 + Level 1.1 Shields
 + Level 1.1 Unarmed Combat
 + Level 5.0 Spellcasting
 + Level 0.8 Conjurations
 + Level 0.8 Hexes
 + Level 0.8 Charms
 + Level 0.8 Summonings
 + Level 7.1 Necromancy
 + Level 0.8 Translocations
 + Level 0.8 Transmutations
 + Level 0.8 Fire Magic
 + Level 0.8 Ice Magic
 + Level 0.8 Air Magic
 + Level 0.8 Earth Magic
 + Level 0.8 Poison Magic
 + Level 1.2 Invocations
 + Level 1.1 Evocations


You had 8 spell levels left.
You knew the following spells:

 Your Spells              Type           Power        Failure   Level  Hunger
a - Pain                  Necr           ####         1%          1    None
n - Animate Skeleton      Necr           N/A          1%          1    None
r - Regeneration          Chrm/Necr      ####......   1%          3    ##.....


Dungeon Overview and Level Annotations

Branches:
Dungeon (3/15)

Altars:


Innate Abilities, Weirdness & Mutations

Your experience applies equally to all skills.
You have very sharp teeth.
Your uncanny sense of smell can sniff out nearby items.


Message History

Casting: Pain
Confirm with . or Enter, or press ? or * to list all spells.
You can't see any susceptible monsters within range! (Use Z to cast anyway.)
An orc comes into view. It is wielding a club.
Found a scroll of identify.
A bat and 2 orcs come into view.
Found a hand axe.
The helpless orc fails to defend itself.
You impale the orc!!
You kill the orc!
A leopard gecko comes into view.
The orc shouts! x2; You hear a shout!
The leopard gecko hisses angrily.
The orc hits you.
You see here a club.
The bat hits you but does no damage. The bat completely misses you.
An orc priest comes into view. It is wielding a hand axe.
The bat hits you but does no damage. The bat hits you.
The bat closely misses you.
Casting: Pain
Confirm with . or Enter, or press ? or * to list all spells.
Aiming: Pain
Press: ? - help, Shift-Dir - straight line, f - bat
Aim: a bat (chance to defeat MR: 93%)
The bat writhes in agony!
The bat hits you but does no damage.
You hit the leopard gecko but do no damage.
The bat closely misses you. The leopard gecko closely misses you.
You closely miss the bat.
The bat is moderately wounded.
The bat barely misses you. The leopard gecko closely misses you.
Casting: Pain
Confirm with . or Enter, or press ? or * to list all spells.
Aiming: Pain
Press: ? - help, Shift-Dir - straight line, f/p - bat
Aim: a bat (moderately wounded, chance to defeat MR: 93%)
The bat writhes in agony!
The bat barely misses you. x2
The leopard gecko barely misses you.
Casting: Pain
Confirm with . or Enter, or press ? or * to list all spells.
Aiming: Pain
Press: ? - help, Shift-Dir - straight line, f/p - bat
Aim: a bat (severely wounded, chance to defeat MR: 93%)
The bat writhes in agony!
You kill the bat!
The leopard gecko bites you but does no damage.
The leopard gecko closely misses you.
Casting: Pain
Confirm with . or Enter, or press ? or * to list all spells.
Aiming: Pain
Press: ? - help, Shift-Dir - straight line, f - leopard gecko
Aim: a leopard gecko (clinging, chance to defeat MR: 93%)
The leopard gecko writhes in agony!
You kill the leopard gecko!
Casting: Pain
Confirm with . or Enter, or press ? or * to list all spells.
Aiming: Pain
Press: ? - help, Shift-Dir - straight line, f - orc
Aim: an orc, wielding a flail (chance to defeat MR: 93%)
The orc writhes in agony!
You kill the orc!
You hit the orc. You bite the orc.
The orc is heavily wounded.
The orc hits you.
You completely miss the orc.
The orc is heavily wounded.
You hit the orc.
The orc is almost dead.
The orc barely misses you.
You closely miss the orc. You bite the orc, but do no damage.
The orc is almost dead.
The orc closely misses you. The orc priest barely misses you.
You closely miss the orc.
The orc is almost dead.
The orc hits you but does no damage.
You barely miss the orc.
The orc is almost dead.
The orc priest closely misses you. The orc hits you.
You hit the orc.
You kill the orc!
The orc priest miscasts a cantrip.
Casting: Pain
Confirm with . or Enter, or press ? or * to list all spells.
Aiming: Pain
Press: ? - help, Shift-Dir - straight line, f - orc priest
Aim: an orc priest, wielding a hand axe (chance to defeat MR: 84%)
The orc priest barely resists.
The orc priest hits you with a hand axe!
* * * LOW HITPOINT WARNING * * *
Casting: Pain
Confirm with . or Enter, or press ? or * to list all spells.
Aiming: Pain
Press: ? - help, Shift-Dir - straight line, f/p - orc priest
Aim: an orc priest, wielding a hand axe (chance to defeat MR: 84%)
The orc priest writhes in agony!
The orc priest hits you with a hand axe.
* * * LOW HITPOINT WARNING * * *
It was a potion of brilliance.
You feel clever all of a sudden.
The orc priest hits you with a hand axe.
You die...

##.###.####..####...
#.....#.# #..<......
#..###.## #.........
#..# ### #####.....
#..# ### ..... #..#
#o. .... #.†#####o#
.... #..)o.##o# ...
#..@#..#)##.# ###
#..###.o....#
##..#..#.....?..
##...##..###... ##.#
#..# .# #. #..# #.
.... # #####


You could see an orc priest.

Vanquished Creatures
  An orc priest (D:2)
  A worker ant zombie (D:2)
  2 worms
  A dart slug (D:1)
  A leopard gecko (D:3)
  3 orcs (D:3)
  5 goblins
  A quokka (D:2)
  6 bats
  A frilled lizard (D:1)
  2 kobolds (D:1)
  2 rats
26 creatures vanquished.

Notes
Turn   | Place    | Note
-------+----------+-------------------------------------------
     0 | D:1      | tidbits the Gnoll Necromancer began the quest for the Orb.
     0 | D:1      | Reached XP level 1. HP: 13/13 MP: 6/6
   165 | D:2      | Reached XP level 2. HP: 11/19 MP: 2/7
   168 | D:2      | Learned a level 1 spell: Animate Skeleton
   206 | D:2      | Reached skill level 5 in Spellcasting
   206 | D:2      | Reached XP level 3. HP: 6/25 MP: 0/9
   216 | D:2      | Reached skill level 1 in Invocations
   259 | D:1      | Learned a level 3 spell: Regeneration
   357 | D:2      | Reached skill level 1 in Fighting
   357 | D:2      | Reached skill level 1 in Short Blades
   357 | D:2      | Reached skill level 1 in Long Blades
   357 | D:2      | Reached skill level 1 in Axes
   357 | D:2      | Reached skill level 1 in Maces & Flails
   357 | D:2      | Reached skill level 1 in Polearms
   357 | D:2      | Reached skill level 1 in Staves
   357 | D:2      | Reached skill level 1 in Slings
   357 | D:2      | Reached skill level 1 in Bows
   357 | D:2      | Reached skill level 1 in Crossbows
   357 | D:2      | Reached skill level 1 in Throwing
   357 | D:2      | Reached skill level 1 in Armour
   357 | D:2      | Reached skill level 1 in Shields
   357 | D:2      | Reached skill level 1 in Unarmed Combat
   357 | D:2      | Reached skill level 1 in Evocations
   357 | D:2      | Reached XP level 4. HP: 32/32 MP: 2/11
   469 | D:3      | Slain by an orc priest

Skill      XL: |  1  2  3 |
---------------+----------+-----
Spellcasting   | 5 |  5.0
Invocations    | 1 |  1.2
Fighting       | 1 |  1.1
Short Blades   | 1 |  1.1
Long Blades    | 1 |  1.1
Axes           | 1 |  1.1
Maces & Flails | 1 |  1.1
Polearms       | 1 |  1.1
Staves         | 1 |  1.1
Slings         | 1 |  1.1
Bows           | 1 |  1.1
Crossbows      | 1 |  1.1
Throwing       | 1 |  1.1
Armour         | 1 |  1.1
Shields        | 1 |  1.1
Unarmed Combat | 1 |  1.1
Evocations     | 1 |  1.1
Dodging        | |  4.6
Stealth        | |  4.2
Conjurations   | |  0.8
Hexes          | |  0.8
Charms         | |  0.8
Summonings     | |  0.8
Necromancy     | |  7.1
Translocations | |  0.8
Transmutations | |  0.8
Fire Magic     | |  0.8
Ice Magic      | |  0.8
Air Magic      | |  0.8
Earth Magic    | |  0.8
Poison Magic   | |  0.8

Action                   |  1- 3 |  4- 6 || total
-------------------------+-------+-------++-------
Melee: Short sword       |    10 |       ||    10
       Dagger            |    15 |    29 ||    44
       Bite              |     2 |     2 ||     4
 Cast: Pain              |    25 |    12 ||    37
       Regeneration      |     3 |     1 ||     4
  Use: Scroll            |     2 |       ||     2
       Potion            |     2 |     1 ||     3
 Stab: Sleeping          |       |     1 ||     1
Armor: Robe              |    11 |     9 ||    20
Dodge: Dodged            |    33 |    26 ||    59

Table legend:
 A = Turns spent in this place as a percentage of turns spent in the entire game.
 B = Non-inter-level travel turns spent in this place as a percentage of non-inter-level travel turns spent in the entire game.
 C = Inter-level travel turns spent in this place as a percentage of turns spent in this place.
 D = Turns resting spent in this place as a percentage of non-inter-level travel turns spent in this place.
 E = Turns spent auto-exploring this place as a percentage of non-inter-level travel turns spent in this place.
 F = Non-inter-level travel turns spent in this place divided by the number of levels of this place that you've seen.
                   A       B       C       D       E      F
               +-------+-------+-------+-------+-------+----------------------
         Total | 100.0 | 100.0 |   8.1 |   0.0 |   0.0 | 143.7
       Dungeon | 100.0 | 100.0 |   8.1 |   0.0 |   0.0 | 143.7
               +-------+-------+-------+-------+-------+----------------------

Table legend:
 A = Kills in this place as a percentage of kills in entire the game.
 B = Kills by you in this place as a percentage of kills by you in the entire game.
 C = Kills by friends in this place as a percentage of kills by friends in the entire game.
 D = Other kills in this place as a percentage of other kills in the entire game.
 E = Experience gained in this place as a percentage of experience gained in the entire game.
 F = Experience gained in this place divided by the number of levels of this place that you have seen.
                   A       B       C       D       E      F
               +-------+-------+-------+-------+-------+----------------------
         Total | 100.0 | 100.0 |   N/A |   N/A | 100.0 |  36.0
       Dungeon | 100.0 | 100.0 |   N/A |   N/A | 100.0 |  36.0
               +-------+-------+-------+-------+-------+----------------------

Vault maps used:
D:1:      dpeg_arrival_refuge, tso_altar
D:2:      first_ration, uniq_sigmund
D:3:      lemuel_old_faithful
